[Event "3rd Rio Open-Blitz 2024"]
[Site "Rio de Janeiro"]
[Date "2024.04.27"]
[Round "4.5"]
[White "Fier, Alexandr"]
[Black "Dias, Matheus Braga"]
[Result "1-0"]
[ECO "B27"]
[WhiteElo "2566"]
[BlackElo "1960"]
[Annotator "TA"]
[PlyCount "77"]
[EventDate "2024.04.12"]
[EventType "swiss"]
[EventCountry "BRA"]
[SourceTitle "playchess.com"]
[Source "ChessBase"]
[SourceQuality "1"]
[TimeControl "180+2"]

1. e4 c5 2. Nf3 g6 3. d4 cxd4 4. Qxd4 Nf6 5. Nc3 Nc6 6. Qa4 {[%emt 0:00:01] With the idea e5.} Bg7 (6... d6 $11) 7. e5 $14 {[%emt 0:00:01] White is more active.} Ng4 8. Qxg4 $18 {[%emt 0:00:02] White has a decisive advantage.} O-O 9. Qh4 d6 10. exd6 Qxd6 11. Be2 e5 (11... Qb4 $142 12. O-O Qxh4 13. Nxh4 Nb4) 12. O-O Be6 13. Ng5 {[%emt 0:00:02][%csl Gg5][%cal Rh4h7] [#]} h6 14. Nxe6 Qxe6 15. Bxh6 Nd4 16. Bd3 Rac8 17. Rae1 Rfd8 18. Bxg7 Kxg7 19. f4 Qb6 20. Kh1 (20. Rxe5 $2 {loses.} Nf3+ (20... Qxb2 $2 {is the wrong capture.} 21. Bxg6 Rh8 22. Qe7 $18) 21. Kh1 Nxh4 $19) 20... Rh8 21. Qg3 Rxh2+ 22. Qxh2 Rh8 23. Qxh8+ Kxh8 24. fxe5 Qd8 25. Rf4 {[%emt 0:00:07] Wards off Qh4+} (25. Rxf7 $2 Qh4+ 26. Kg1 Qxe1+ 27. Kh2 Kg8 $17 (27... Qxe5+ $2 28. g3 $17)) 25... Ne6 26. Rg4 (26. Rxf7 $2 {perishes.} Qh4+ 27. Kg1 Qxe1+ 28. Kh2 Ng5 $19 (28... Qxe5+ $2 29. g3 $19)) 26... Kg7 27. Ne4 Qd4 (27... Qa5 $142) 28. Nf6 Qf2 29. Rf1 Qe3 30. Ne4 Qh6+ 31. Kg1 {[%emt 0:00:01] [#] Threatens to win with Rg3.} Qe3+ (31... Qh5 $142) 32. Rf2 Qc1+ 33. Bf1 Qxb2 34. Nd6 Qb6 35. Nxf7 Nd4 36. Nd6 {[%emt 0:00:09] And now Bd3 would win.} Nxc2 37. Bd3 {[%emt 0:00:09][%csl LRc2,LRg6] White mates.} Ne1 38. Rxg6+ Kh7 39. Bf5 {[%emt 0:00:05] Black got outplayed after the opening.   Weighted Error Value: White=0.17 (very precise) /Black=0.65.  Loses game:     	---       	Black=1      Mistake:       	---       	Black=3      Inaccurate:     	---       	Black=2      OK:         	White=4     	---        Best:        	White=2     	---} 1-0

[Event "3rd Rio Open-Blitz 2024"]
[Site "Rio de Janeiro"]
[Date "2024.04.27"]
[Round "4.6"]
[White "Deus Filho, Joaquim de"]
[Black "Macagno, Sergio"]
[Result "1-0"]
[ECO "C22"]
[WhiteElo "1884"]
[BlackElo "2296"]
[Annotator "NA RC"]
[PlyCount "31"]
[EventDate "2024.04.12"]
[EventType "swiss"]
[EventCountry "BRA"]
[SourceTitle "playchess.com"]
[Source "ChessBase"]
[SourceQuality "1"]
[TimeControl "180+2"]

1. e4 e5 2. d4 exd4 3. Qxd4 Nc6 4. Qe3 Bb4+ 5. Nc3 Nge7 6. Bc4 d6 7. Bd2 O-O 8. O-O-O Na5 9. Bd3 Be6 10. f4 Bc5 11. Qg3 f5 12. Nf3 Nc4 13. Ng5 Qd7 14. Qh4 h6 15. Nxe6 Qxe6 16. Bxc4 1-0

[Event "3rd Rio Open-Blitz 2024"]
[Site "Rio de Janeiro"]
[Date "2024.04.27"]
[Round "5.1"]
[White "Hoffman, Alejandro"]
[Black "De Siqueira, Luigy Lira"]
[Result "0-1"]
[ECO "A13"]
[WhiteElo "2379"]
[BlackElo "2274"]
[Annotator "TA"]
[PlyCount "74"]
[EventDate "2024.04.12"]
[EventType "swiss"]
[EventCountry "BRA"]
[SourceTitle "playchess.com"]
[Source "ChessBase"]
[SourceQuality "1"]
[TimeControl "180+2"]

1. Nf3 Nf6 2. c4 e6 3. g3 d5 4. Bg2 dxc4 5. Qc2 Nbd7 6. Qxc4 a6 7. O-O b5 8. Qc2 Bb7 9. a4 Bd6 10. d3 O-O 11. e4 e5 {[%emt 0:00:19] The position is equal.} 12. Nc3 b4 13. Nb1 a5 14. Nbd2 Nb6 15. b3 Nfd7 16. Bb2 f6 17. Bh3 Nc5 18. d4 exd4 19. Nxd4 Qe8 20. Rfe1 Qh5 21. Bg2 Rfe8 22. Nb5 {[%emt 0:00:12][%cal Oe4e5] Strongly threatening e5!} Rad8 23. Bd4 {[%emt 0:00:06][%cal Oe4e5] [#] aiming for e5!} Ne6 $1 24. Be3 ({White should play} 24. Bxb6 $14 cxb6 25. Nxd6 Rxd6 26. e5) 24... Be5 (24... Bc5 $1 $11 {remains equal.}) 25. Rac1 Re7 26. f4 Bd6 {[%emt 0:00:02][%mdl 8192] [#]} (26... Bd4 $16) 27. Bxb6 $2 ({White should try} 27. e5 $18 fxe5 (27... Bxg2 $2 28. exd6 Red7 29. Kxg2 $18) 28. Bxb7 exf4 29. Bf2 (29. Bf3 Qf7 $18)) 27... cxb6 $14 28. Nc4 $2 (28. Nxd6 $16 {is necessary to keep the advantage.} Rxd6 29. e5) 28... Bc5+ $17 {[%emt 0:00:01] A strong pair of Bishops.} 29. Kh1 Nd4 {[%emt 0:00:04] Black is more active.} (29... Red7 $17 {Threatens to win with ...Rd3.} 30. Qe2 (30. e5 $2 Bxg2+ 31. Qxg2 fxe5 $19) 30... Qxe2 31. Rxe2 Rd1+ 32. Re1 Rxc1 33. Rxc1 Rd3) 30. Nxd4 $1 $11 Rxd4 31. e5 (31. Nxa5 {simplifies} bxa5 32. Qxc5 Rdxe4 33. Rxe4 Qxc5 34. Rxc5 Bxe4 35. Rxa5 Bxg2+ 36. Kxg2 Re3 37. Kf2) 31... Bxg2+ 32. Qxg2 fxe5 33. Nxe5 h6 34. Nc6 $2 (34. Qc2 $11) 34... Rxe1+ $19 35. Rxe1 Rd1 36. Ne7+ Bxe7 37. Qf1 Qd5+ {[%emt 0:00:02] What a bad dream for White.   Weighted Error Value: White=0.67/Black=0.29 (precise) .  Loses game:     	White=1     	Black=1      Missed win:     	White=1     	---        Mistake:       	White=2     	Black=2      Inaccurate:     	White=1     	Black=3      OK:         	White=5     	Black=6      Best:        	White=2     	Black=2      Strong:       	White=1     	Black=1} 0-1

[Event "3rd Rio Open-Blitz 2024"]
[Site "Rio de Janeiro"]
[Date "2024.04.27"]
[Round "5.2"]
[White "Labussiere, Yago"]
[Black "Oliveira, Fernando Ventura"]
[Result "1-0"]
[ECO "A18"]
[WhiteElo "2184"]
[BlackElo "2044"]
[Annotator "NA RC"]
[PlyCount "125"]
[EventDate "2024.04.12"]
[EventType "swiss"]
[EventCountry "BRA"]
[SourceTitle "playchess.com"]
[Source "ChessBase"]
[SourceQuality "1"]
[TimeControl "180+2"]

1. c4 Nf6 2. Nc3 e6 3. e4 d6 4. d4 Nbd7 5. Nf3 c5 6. d5 exd5 7. exd5 Be7 8. Bd3 O-O 9. O-O h6 10. h3 Re8 11. Bf4 a6 12. a4 Nf8 13. Qc2 Bd7 14. Rfe1 Rb8 15. Nd2 b5 16. axb5 axb5 17. cxb5 g5 18. Bh2 Kg7 19. Nc4 Bc8 20. Na5 Bb7 21. Nc6 Bxc6 22. bxc6 Ng6 23. Bxg6 fxg6 24. Ra7 Rc8 25. Re6 Rc7 26. Rxc7 Qxc7 27. Qe2 Kf7 28. Nb5 Qb8 29. c7 Qa8 30. Bxd6 Nxd5 31. Bxe7 Rxe7 32. Rxe7+ Nxe7 33. Nd6+ Kf6 34. Qf3+ Qxf3 35. gxf3 Ke5 36. c8=Q Nxc8 37. Nxc8 Kd4 38. Nd6 Kd3 39. Kf1 Kc2 40. Ne4 c4 41. Nd6 Kxb2 42. Nxc4+ Kc3 43. Ne5 Kd4 44. Nxg6 Kd5 45. Ke2 Ke6 46. Ke3 Kf6 47. Nf8 Ke7 48. f4 gxf4+ 49. Kxf4 Kxf8 50. Kf5 Kf7 51. h4 Kg7 52. h5 Kf7 53. f4 Kg7 54. Ke6 Kg8 55. Kf6 Kh7 56. Kf7 Kh8 57. Kg6 Kg8 58. Kxh6 Kh8 59. Kg6 Kg8 60. h6 Kh8 61. f5 Kg8 62. Kf6 Kh7 63. Ke7 1-0

[Event "3rd Rio Open-Blitz 2024"]
[Site "Rio de Janeiro"]
[Date "2024.04.27"]
[Round "5.3"]
[White "Librelato, Kathie Goulart"]
[Black "Urquiza, Marcello de Albuquer"]
[Result "0-1"]
[ECO "B29"]
[WhiteElo "2165"]
[BlackElo "2005"]
[Annotator "NA RC"]
[PlyCount "54"]
[EventDate "2024.04.12"]
[EventType "swiss"]
[EventCountry "BRA"]
[SourceTitle "playchess.com"]
[Source "ChessBase"]
[SourceQuality "1"]
[TimeControl "180+2"]

1. e4 c5 2. Nf3 Nf6 3. Nc3 Nc6 4. e5 Ng4 5. d4 cxd4 6. Nxd4 Ngxe5 7. Bf4 Nxd4 8. Qxd4 Nc6 9. Qd2 d6 10. O-O-O g6 11. h4 Bg7 12. h5 Qa5 13. hxg6 hxg6 14. Rxh8+ Bxh8 15. Bc4 Bxc3 16. bxc3 Qa3+ 17. Kb1 Na5 18. Bb5+ Bd7 19. Bxd7+ Kxd7 20. Qd5 Rc8 21. Qxf7 Nc4 22. Bc1 Qxc3 23. Qxg6 Qb4+ 24. Ka1 Qc3+ 25. Kb1 Rc6 26. Qf5+ Kc7 27. Qb5 Rb6 0-1

[Event "3rd Rio Open-Blitz 2024"]
[Site "Rio de Janeiro"]
[Date "2024.04.27"]
[Round "5.4"]
[White "Becker, Rogerio Sperb"]
[Black "Fier, Alexandr"]
[Result "0-1"]
[ECO "A30"]
[WhiteElo "2054"]
[BlackElo "2566"]
[Annotator "TA"]
[PlyCount "92"]
[EventDate "2024.04.12"]
[EventType "swiss"]
[EventCountry "BRA"]
[SourceTitle "playchess.com"]
[Source "ChessBase"]
[SourceQuality "1"]
[TimeControl "180+2"]

1. c4 Nf6 2. Nf3 b6 3. g3 Bb7 4. Bg2 e6 5. O-O c5 6. Nc3 a6 7. d4 cxd4 8. Qxd4 d6 9. Bg5 Nbd7 10. Rfd1 Be7 11. Bxf6 Nxf6 12. Qf4 Qc7 13. Rac1 O-O 14. Ng5 {[%emt 0:00:13] The position is equal.} Bxg2 15. Kxg2 Qb7+ (15... b5 $5) 16. Qf3 Rfb8 17. Qxb7 Rxb7 18. Nge4 Ne8 19. a4 f5 20. Nd2 Kf7 21. Nf3 Bf6 22. Nd4 Rc8 23. b3 g6 24. f4 (24. e4 $11) 24... Ke7 (24... d5 $5 25. e3 (25. cxd5 Rbc7 $17) 25... Rbc7 $17 (25... dxc4 26. b4 $17)) 25. Kf3 (25. e3 $11) 25... Rbc7 $15 26. Na2 (26. e4 $17) 26... d5 $19 27. e3 (27. Nb4 $17 {was called for.} a5 (27... dxc4 28. Nxa6 Rd7 29. Nc6+ Rxc6 30. Rxd7+ Kxd7 31. Nb8+ Kd6 32. Nxc6 $11) 28. Nbc6+ (28. Na6 $2 Ra7 $19) 28... Rxc6 29. Nxc6+ Rxc6 30. cxd5 Rxc1 31. Rxc1 exd5 32. Rc6) 27... dxc4 28. b4 Nd6 (28... c3 $19 29. Ke2 Bxd4 30. Rxd4 Nf6) 29. Nc3 $17 h6 30. b5 axb5 31. axb5 Bxd4 32. Rxd4 Rc5 33. Rcd1 (33. Rb1 $17 {keeps fighting.}) 33... Nxb5 $19 34. Rd7+ Kf6 35. Nxb5 {[%emt 0:00:04] [#]} (35. Na4 {was worth a try.} R5c6 36. Rb7) 35... Rxb5 {[%emt 0:00:01][%mdl 4096] Endgame. KRR-KRR} 36. Rh7 Rd5 37. Ra1 c3 (37... e5 $142 38. Raa7 e4+ 39. Ke2 Rcd8) 38. Raa7 Rf8 {[%emt 0:00:01] Prevents Raf7+.} ({Black should try} 38... e5 $19 39. Rae7 e4+ 40. Kg2 Rf8 (40... Rd2+ 41. Kh3 $11)) 39. Rac7 $1 $15 Rc5 40. Rxc5 $1 bxc5 {[%emt 0:00:01] KR-KR} 41. Rc7 $1 Rd8 {[%emt 0:00:00] [#] ( -> ...Rd5)} 42. Rxc5 Rd3 43. Rc7 g5 {[%emt 0:00:01] Threatens to win with ...g4+.} 44. h4 $2 (44. h3 $15) 44... g4+ $19 45. Ke2 Rd2+ 46. Kf1 c2 {[%emt 0:01:35] Weighted Error Value: White=0.56/Black=0.25 (precise) .  Loses game:     	White=1     	---        Mistake:       	White=6     	Black=3      Inaccurate:     	White=1     	Black=4      OK:         	White=9     	Black=11     Best:        	White=3     	Black=4      Strong:       	White=3     	---} 0-1

[Event "3rd Rio Open-Blitz 2024"]
[Site "Rio de Janeiro"]
[Date "2024.04.27"]
[Round "5.5"]
[White "Guimaraes, Lucas Dos S Peixoto"]
[Black "Guimaraes, Wagner Peixoto"]
[Result "1/2-1/2"]
[ECO "B02"]
[WhiteElo "2019"]
[BlackElo "2140"]
[Annotator "NA RC"]
[PlyCount "66"]
[EventDate "2024.04.12"]
[EventType "swiss"]
[EventCountry "BRA"]
[SourceTitle "playchess.com"]
[Source "ChessBase"]
[SourceQuality "1"]
[TimeControl "180+2"]

1. e4 d5 2. exd5 Nf6 3. Nc3 Nxd5 4. Bc4 Nb6 5. Bb3 Nc6 6. d3 Bf5 7. Be3 e6 8. Nge2 a5 9. a4 Be7 10. Ng3 Bg6 11. Qg4 h5 12. Qe2 Nd4 13. Bxd4 Qxd4 14. Nb5 Qd7 15. Qe5 Bd6 16. Qxg7 O-O-O 17. O-O-O Rdg8 18. Qd4 h4 19. Ne4 Bf4+ 20. Kb1 Qxd4 21. Nxd4 Bxe4 22. dxe4 Rxg2 23. Rhg1 Rxf2 24. Rgf1 Rxf1 25. Rxf1 e5 26. Nb5 f6 27. h3 Rd8 28. Rg1 Bg3 29. Rf1 c6 30. Be6+ Kb8 31. Nc3 Bf4 32. Rg1 Bg3 33. Rf1 Bf4 1/2-1/2

[Event "3rd Rio Open-Blitz 2024"]
[Site "Rio de Janeiro"]
[Date "2024.04.27"]
[Round "5.6"]
[White "Viana, Dirceu"]
[Black "Lage, Pedro Ferreira"]
[Result "0-1"]
[ECO "A06"]
[WhiteElo "2172"]
[BlackElo "2061"]
[Annotator "NA RC"]
[PlyCount "91"]
[EventDate "2024.04.12"]
[EventType "swiss"]
[EventCountry "BRA"]
[SourceTitle "playchess.com"]
[Source "ChessBase"]
[SourceQuality "1"]
[TimeControl "180+2"]

1. Nf3 d5 2. e3 Nf6 3. b3 Bf5 4. Bb2 e6 5. d3 Nbd7 6. Nbd2 Be7 7. c4 c6 8. cxd5 exd5 9. Be2 h6 10. O-O O-O 11. a3 a5 12. Qc2 Qb6 13. Rfe1 Rfe8 14. Bf1 Bh7 15. Bc3 Nc5 16. Bd4 Qb5 17. Qc3 Ne6 18. Bxf6 Bxf6 19. d4 Qb6 20. b4 axb4 21. axb4 Nc7 22. Qc5 Qxc5 23. bxc5 Rxa1 24. Rxa1 Ra8 25. Rxa8+ Nxa8 26. Nb3 Bf5 27. Na5 Bc8 28. Nd2 Nc7 29. Be2 Be7 30. h3 Bd8 31. Bg4 Ne6 32. Ndb3 g6 33. Kf1 h5 34. Be2 Kf8 35. Bd3 Ke7 36. Ke2 Kd7 37. f3 f5 38. Kd2 Kc7 39. Kc3 Bg5 40. f4 Bh4 41. Be2 Be1+ 42. Kc2 Bd7 43. g4 hxg4 44. hxg4 Ng7 45. gxf5 Nxf5 46. Kd1 0-1

[Event "3rd Rio Open-Blitz 2024"]
[Site "Rio de Janeiro"]
[Date "2024.04.27"]
[Round "6.1"]
[White "De Siqueira, Luigy Lira"]
[Black "Labussiere, Yago"]
[Result "0-1"]
[ECO "B51"]
[WhiteElo "2274"]
[BlackElo "2184"]
[Annotator "NA RC"]
[PlyCount "112"]
[EventDate "2024.04.12"]
[EventType "swiss"]
[EventCountry "BRA"]
[SourceTitle "playchess.com"]
[Source "ChessBase"]
[SourceQuality "1"]
[TimeControl "180+2"]

1. e4 c5 2. Nf3 Nc6 3. Bb5 d6 4. O-O Bd7 5. c3 a6 6. Ba4 b5 7. Bc2 Bg4 8. d3 Nf6 9. Re1 g6 10. h3 Bxf3 11. Qxf3 Bg7 12. Bg5 O-O 13. Nd2 b4 14. Rac1 bxc3 15. bxc3 Nd7 16. Bb3 Rb8 17. Nc4 Nce5 18. Nxe5 Nxe5 19. Qe2 c4 20. dxc4 Nd7 21. c5 Nxc5 22. Bc4 Rb6 23. Be3 Qc7 24. Bxc5 Qxc5 25. Bxa6 Qa5 26. Bc4 Bxc3 27. Red1 Bf6 28. Bb3 Kg7 29. Qc4 Rb4 30. Qc6 Qe5 31. Qd5 Qxe4 32. Qxe4 Rxe4 33. Bd5 Ra4 34. Rc7 Kg8 35. Bb3 Ra5 36. Rdc1 e6 37. Rd7 d5 38. Kf1 Rb5 39. Rcc7 Be5 40. Ra7 Rc5 41. Ke2 Bd4 42. g3 Rc1 43. a4 Bxa7 44. Rxa7 Rb1 45. Bc2 Rb2 46. Kd1 Rc8 47. Bd3 Rxf2 48. a5 Rf3 49. Ke2 Rxg3 50. a6 Rxh3 51. Rb7 Rh2+ 52. Kd1 Ra2 53. a7 Kg7 54. Bb1 Ra1 55. Kd2 Rc5 56. Bd3 Rca5 0-1

[Event "3rd Rio Open-Blitz 2024"]
[Site "Rio de Janeiro"]
[Date "2024.04.27"]
[Round "6.2"]
[White "Fier, Alexandr"]
[Black "Urquiza, Marcello de Albuquer"]
[Result "1-0"]
[ECO "B29"]
[WhiteElo "2566"]
[BlackElo "2005"]
[Annotator "TA"]
[PlyCount "55"]
[EventDate "2024.04.12"]
[EventType "swiss"]
[EventCountry "BRA"]
[SourceTitle "playchess.com"]
[Source "ChessBase"]
[SourceQuality "1"]
[TimeControl "180+2"]

1. e4 c5 2. Nf3 Nf6 3. e5 Nd5 4. Nc3 e6 5. Ne4 Nc6 6. c4 {[%emt 0:00:02][%cal Od2d4] Threatens to win with d4!} Nb6 ({Black should try} 6... Ndb4 $14) 7. d4 $16 cxd4 {[%emt 0:00:18] [#]} 8. c5 {[%emt 0:00:01] White has more active pieces.} (8. Nd6+ $1 $16 Bxd6 9. exd6) 8... Nd5 $11 {[%emt 0:00:06][%cal Of8c5] The position is equal.} 9. Bg5 Qa5+ 10. Bd2 $132 {[%emt 0:00:01][%mdl 2048] White is fighting back} Qc7 11. Nd6+ Bxd6 12. cxd6 Qb6 13. Bc4 O-O (13... Qxb2 $11 14. Rb1 Qa3) 14. O-O $14 f6 (14... Ne3 $1 $14 15. fxe3 dxe3) 15. Bxd5 $16 exd5 16. exf6 Rxf6 17. Re1 Re6 {[%emt 0:00:18] Black cannot hold the game after this.} (17... Rf8 $16) 18. Ng5 Rxe1+ $2 (18... h6) 19. Qxe1 $18 Qd8 {[%emt 0:00:02] Prevents Qe8+.} 20. Qb1 g6 21. Qd3 Qf6 22. Re1 {[%emt 0:00:01] White wants to mate with Qh3.} Qxd6 (22... Qf5 $18 23. Re8+ Kg7 24. Qxf5 gxf5 25. Re7+ Kf6 (25... Nxe7 26. dxe7 h6 27. e8=Q hxg5 28. Bxg5 d6 29. Qe7+ Kg6 30. Qf6+ Kh7 31. Qf7+ Kh8 32. Bf6#)) 23. Re8+ Kg7 24. Qh3 h6 {[%emt 0:00:27][%cal Bh7h6,Bh6h5][%mdl 32] [#]} 25. Rh8 $3 h5 26. Re8 (26. Qf3 $142 Kxh8 27. Nf7+ Kg7 28. Nxd6 Nd8 29. Bg5 (29. Qxd5 Ne6 30. Qf3 Nd8 31. Ne8+ Kg8 32. Qf6 Ne6 33. Qe7 Kh8 34. Nf6 h4 35. Qh7#) 29... Kg8 30. Qf6 (30. Bxd8 Kh7 31. Qf7+ Kh6 32. h4 d3 33. Bg5#) 30... Kh7 31. Qe7+ (31. Qxd8 Rb8 32. Qe7+ Kh8 33. Bf6+ Kg8 34. Qg7#) 31... Kg8 32. Bf6 Ne6 33. Qf7#) 26... b6 27. Qf3 Qf6 {[%emt 0:00:05] [#]} 28. Rg8+ $3 {[%emt 0:00:01][%mdl 512] Weighted Error Value: White=0.23 (precise) /Black=0.79.  Loses game:     	---       	Black=1      Mistake:       	White=1     	Black=4      OK:         	White=5     	Black=5      Best:        	White=4     	Black=2} 1-0

[Event "3rd Rio Open-Blitz 2024"]
[Site "Rio de Janeiro"]
[Date "2024.04.27"]
[Round "6.3"]
[White "Lage, Pedro Ferreira"]
[Black "Hoffman, Alejandro"]
[Result "1-0"]
[ECO "E91"]
[WhiteElo "2061"]
[BlackElo "2379"]
[Annotator "TA"]
[PlyCount "90"]
[EventDate "2024.04.12"]
[EventType "swiss"]
[EventCountry "BRA"]
[SourceTitle "playchess.com"]
[Source "ChessBase"]
[SourceQuality "1"]
[TimeControl "180+2"]

1. Nf3 g6 2. c4 Bg7 3. Nc3 Nf6 4. e4 d6 5. d4 O-O 6. Be2 c5 7. O-O Nc6 8. d5 Na5 9. Bg5 h6 10. Bd2 e5 11. Ne1 b6 12. b3 Qe7 13. Qc2 {[%emt 0:00:20] White is better.} Nb7 14. Nd3 Bd7 15. Rae1 Rae8 16. Kh1 Kh8 17. Bd1 Ng8 18. f4 {[%emt 0:00:06] White is more active.} f5 (18... exf4 $14 19. Bxf4 (19. Nxf4 a6 $16) (19. Rxf4 Kh7 $16) 19... Qf6) 19. Bf3 (19. exf5 $18 Bxf5 20. g4) 19... Qf6 20. a4 ({White should play} 20. Qd1) 20... a6 (20... Qd8 $16 {might work better.}) 21. Qc1 Kh7 22. Qc2 (22. exf5 $16 gxf5 23. Ne4) 22... Re7 $2 (22... Kh8 $1 $11) 23. fxe5 dxe5 24. Nd1 $2 (24. exf5 $18 {Threatens to win with Ne4.} Nd6 25. Ne4 Nxe4 26. Bxe4 (26. fxg6+ Qxg6 27. Rxe4 Bf5 $14) 26... gxf5 27. g4) 24... Nd6 (24... fxe4 $1 $11 25. Rxe4 Nd6) 25. Nc3 (25. Kg1 $16) 25... f4 $2 (25... Nb7 $11) 26. Qd1 (26. a5 $18) 26... a5 $14 27. Nb5 h5 28. Nxd6 (28. Rg1 $16) 28... Qxd6 $11 29. Nc1 (29. Qe2 $11) 29... Nf6 (29... g5 $1 $15) 30. Ne2 {[%emt 0:00:01] [#]} (30. g3 $11 {remains equal.}) 30... g5 $1 $17 31. Nc3 g4 32. Be2 Kg8 33. Bd3 Bh6 34. g3 {[%emt 0:00:02] [#]} (34. Nb5 $142 Bxb5 35. cxb5) 34... Nh7 $1 35. gxf4 exf4 $2 (35... Bxf4 $17 {White must now prevent ...h4.} 36. Nb5 Qf6) 36. e5 Rxe5 37. Rxe5 (37. Ne4 $1 $11 {was the only way to keep the balance.} Rxe4 38. Bxe4) 37... Qxe5 38. Re1 (38. Qe1 $17 Bg7 39. Qxe5 Bxe5 40. Re1) 38... Qg7 {[%emt 0:00:05] Hoping for ...g3.} 39. Ne4 Bf5 40. Qc2 (40. d6 $142) 40... f3 $19 {[%emt 0:00:03][%cal Bf4f3,Bf3f2][%mdl 32] And now ...Bxe4 would win.} 41. Bxh6 Qxh6 42. Ng3 (42. Nd2 Bc8 43. Bxh7+ Qxh7 44. Qe4) 42... Bxd3 43. Qxd3 Ng5 $2 (43... h4 $19 44. Nf5 Qf6) 44. d6 $15 f2 $1 45. Re7 ({Better is} 45. Qd5+ $15 Nf7 (45... Kh8 46. Rf1 $11) 46. Rf1 Qxd6 47. Rxf2) 45... Qf6 {[%emt 0:00:07][%mdl 32768] Black used his chance.   Weighted Error Value: White=0.83/Black=0.58.  Loses game:     	White=1     	Black=2      Missed win:     	White=1     	---        Mistake:       	White=13    	Black=6      Inaccurate:     	---       	Black=1      OK:         	White=4     	Black=9      Best:        	White=1     	Black=2      Strong:       	---       	Black=1     . Loss on time!?} (45... Rf3 $142 46. Qd5+ Nf7 47. Re8+ Kg7 (47... Kh7 $2 48. Nf1 $19)) 1-0

[Event "3rd Rio Open-Blitz 2024"]
[Site "Rio de Janeiro"]
[Date "2024.04.27"]
[Round "6.4"]
[White "Ribeiro, Matheus Mendes Domin"]
[Black "Mafra, Kaiser Luiz"]
[Result "1/2-1/2"]
[ECO "E71"]
[WhiteElo "2228"]
[BlackElo "2074"]
[Annotator "NA RC"]
[PlyCount "32"]
[EventDate "2024.04.12"]
[EventType "swiss"]
[EventCountry "BRA"]
[SourceTitle "playchess.com"]
[Source "ChessBase"]
[SourceQuality "1"]
[TimeControl "180+2"]

1. c4 Nf6 2. Nc3 g6 3. e4 d6 4. d4 Bg7 5. h3 O-O 6. Be3 Nc6 7. d5 Nb8 8. f4 e5 9. fxe5 Nh5 10. Qf3 Bxe5 11. Nge2 f5 12. O-O-O fxe4 13. Qxe4 Bf5 14. Qf3 Bd7 15. Qe4 Bf5 16. Qf3 Bc2 1/2-1/2

[Event "3rd Rio Open-Blitz 2024"]
[Site "Rio de Janeiro"]
[Date "2024.04.27"]
[Round "6.5"]
[White "Guimaraes, Wagner Peixoto"]
[Black "Barros, Angelo Costa"]
[Result "1-0"]
[ECO "E05"]
[WhiteElo "2140"]
[BlackElo "1825"]
[Annotator "NA RC"]
[PlyCount "88"]
[EventDate "2024.04.12"]
[EventType "swiss"]
[EventCountry "BRA"]
[SourceTitle "playchess.com"]
[Source "ChessBase"]
[SourceQuality "1"]
[TimeControl "180+2"]

1. d4 Nf6 2. c4 e6 3. Nf3 d5 4. g3 Be7 5. Bg2 O-O 6. O-O dxc4 7. a4 Nc6 8. e3 Na5 9. Nbd2 c5 10. dxc5 Bxc5 11. Ne5 c3 12. bxc3 Qc7 13. Ndf3 Nd5 14. Bd2 b6 15. c4 Nb4 16. Bxb4 Bxb4 17. Qc2 Bb7 18. Ng5 g6 19. Bxb7 Nxb7 20. Nd3 Be7 21. Nf3 Rac8 22. Rac1 Bf6 23. Rfd1 Rfd8 24. h4 Nc5 25. Nxc5 Rxd1+ 26. Rxd1 Qxc5 27. Rc1 h5 28. Qe4 Kg7 29. Kg2 Qb4 30. Qb7 Rxc4 31. Rxc4 Qxc4 32. Qxa7 Qc6 33. Qa6 Qc5 34. Qb5 Qc7 35. e4 Be7 36. Qb2+ Bf6 37. e5 Be7 38. Qb5 Bc5 39. Qc4 Qd8 40. a5 Qd5 41. Qxd5 exd5 42. axb6 Bxb6 43. Nd2 Bc7 44. f4 f6 1-0

[Event "3rd Rio Open-Blitz 2024"]
[Site "Rio de Janeiro"]
[Date "2024.04.27"]
[Round "6.6"]
[White "Oliveira, Fernando Ventura"]
[Black "Guimaraes, Lucas Dos S Peixoto"]
[Result "1-0"]
[ECO "D04"]
[WhiteElo "2044"]
[BlackElo "2019"]
[Annotator "NA RC"]
[PlyCount "135"]
[EventDate "2024.04.12"]
[EventType "swiss"]
[EventCountry "BRA"]
[SourceTitle "playchess.com"]
[Source "ChessBase"]
[SourceQuality "1"]
[TimeControl "180+2"]

1. d4 Nf6 2. Nf3 c5 3. e3 d5 4. b3 g6 5. Bb2 Bg7 6. Nbd2 Ne4 7. Bd3 Nxd2 8. Qxd2 Nc6 9. a3 O-O 10. O-O Bg4 11. Ne5 Nxe5 12. dxe5 Qc7 13. h3 Be6 14. f4 c4 15. Be2 cxb3 16. cxb3 Qb6 17. b4 Rfc8 18. Bd4 Qd8 19. Rac1 Qd7 20. Kh2 h5 21. Rxc8+ Rxc8 22. Rc1 Rc7 23. Bxa7 Rxc1 24. Qxc1 h4 25. Qc5 Qa4 26. Bb6 Qxa3 27. Qxe7 Qb2 28. Qd8+ Kh7 29. Qxh4+ Kg8 30. Bf3 Qxb4 31. Bd8 Qa3 32. Qe1 b5 33. Qe2 b4 34. Be7 Qc3 35. Qb5 b3 36. Ba3 Kh7 37. Qb7 Qxe3 38. Qb4 Kg8 39. Qb8+ Kh7 40. Qb4 Kg8 41. Bb2 d4 42. Qxd4 Qxd4 43. Bxd4 Bf8 44. Bb2 Bb4 45. Kg3 Kf8 46. Bc6 Ke7 47. Kf3 Kd8 48. Ke4 Kc7 49. Bb5 Kb6 50. Be8 Bf5+ 51. Kd4 Bc5+ 52. Kc4 Be6+ 53. Kc3 Bd5 54. g4 Ka5 55. f5 Bb4+ 56. Kd4 Bg2 57. Bxf7 gxf5 58. gxf5 Bxh3 59. f6 Ka4 60. Be8+ Ka5 61. Bc6 Kb6 62. Bd5 Kc7 63. e6 Kd6 64. e7 Bd7 65. Kc4 Be1 66. Ba3+ Kc7 67. f7 b2 68. Bxb2 1-0

[Event "3rd Rio Open-Blitz 2024"]
[Site "Rio de Janeiro"]
[Date "2024.04.27"]
[Round "7.1"]
[White "Labussiere, Yago"]
[Black "Lage, Pedro Ferreira"]
[Result "1-0"]
[ECO "D11"]
[WhiteElo "2184"]
[BlackElo "2061"]
[Annotator "NA RC"]
[PlyCount "53"]
[EventDate "2024.04.12"]
[EventType "swiss"]
[EventCountry "BRA"]
[SourceTitle "playchess.com"]
[Source "ChessBase"]
[SourceQuality "1"]
[TimeControl "180+2"]

1. Nf3 d5 2. g3 c6 3. Bg2 Bg4 4. O-O Nd7 5. d4 Ngf6 6. c4 e6 7. Nc3 dxc4 8. a4 Be7 9. Nd2 a5 10. Nxc4 O-O 11. h3 Bh5 12. Qb3 Qc8 13. g4 Bg6 14. Rd1 h5 15. g5 Nd5 16. e4 Nb4 17. Bf4 Rd8 18. Na2 b5 19. axb5 cxb5 20. Nxa5 Rxa5 21. Nxb4 Rxa1 22. Rxa1 Bxb4 23. Qxb4 Qc4 24. Qe7 Qc8 25. Rc1 Qa8 26. Bc7 Rc8 27. Qxd7 1-0